 Dungeon Crawl Stone Soup version 0.32-a0-791-gfc315c9ecd (webtiles) character file.

Game seed: 5300824768177203277

1682270 ragingrage the Sifu (level 26, 203/208 HPs)
             Began as an Armataur Reaver on Mar 20, 2024.
             Was the Champion of Wu Jian.
             Escaped with the Orb
             ... and 3 runes on Mar 21, 2024!
             The game lasted 01:43:53 (67947 turns).

ragingrage the Sifu (Armataur Reaver)              Turns: 67947, Time: 01:43:53

Health: 203/208    AC: 75    Str: 24    XL:     26   Next: 30%
Magic:  38/38      EV:  9    Int: 16    God:    Wu Jian [******]
Gold:   4423       SH: 16    Dex: 10    Spells: 24/39 levels left

rFire   + + .        a - +9 eveningstar (vamp)
rCold   + + +        B - +2 kite shield {rF+}
rNeg    + . .        c - +17 crystal plate armour "Xoetiyxt" {rElec SInv}
rPois   +            I - +2 helmet {SInv}
rElec   +            S - +4 dragonskin cloak {Aegis}
rCorr   .            e - +1 pair of gloves of the Lute {rElec rPois rC+++ Dex-2}
SInv    +            H - +10 Black Knight's barding {ponderous, rPois rN+}
Will    +....        i - amulet of Faes {rF+ Regen+} Stlth
                     Z - +4 ring of protection
HPRegen 1.34/turn    r - +5 ring of evasion
MPRegen 0.26/turn

%: random rage (3%), roll
@: studying Long Blades, slow
A: large, deformed body, tough skin 3, armoured tail, rollpage 2, berserk 1,
frail 1, persistent drain
0: Orb of Zot
}: 3/15 runes: barnacled, silver, gossamer
a: Renounce Religion, Wall Jump, Serpent's Lash, Heavenly Storm


You escaped.
You worshipped Wu Jian.
Wu Jian was exalted by your worship.
You visited 9 branches of the dungeon, and saw 47 of its levels.
You also visited: Bailey and Ice Cave.

You collected 8256 gold pieces.
You spent 3833 gold pieces at shops.

Inventory:

Hand Weapons
 a - a +9 vampiric eveningstar (weapon)
 b - the +7 sceptre of Torment {pain, torment}
   (You found it on level 1 of the Depths)
Missiles
 d - 3 throwing nets
 p - 40 boomerangs
 D - 2 curare-tipped darts
 L - 14 silver javelins
Armour
 c - the +17 crystal plate armour "Xoetiyxt" (worn) {rElec SInv}
   (You acquired it on level 3 of the Realm of Zot)

   rElec:     It insulates you from electricity.
   SInv:      It lets you see invisible.
 e - the +1 pair of gloves of the Lute (worn) {rElec rPois rC+++ Dex-2}
   (You acquired it on level 4 of the Dungeon)

   Dex-2:     It affects your dexterity (-2).
   rC+++:     It renders you almost immune to cold.
   rElec:     It insulates you from electricity.
   rPois:     It protects you from poison.
 k - a +2 cloak of willpower
 B - a +2 kite shield of fire resistance (worn)
 H - the +10 Black Knight's barding (worn) {ponderous, rPois rN+}
   (You acquired it in an ice cave)

   rPois:     It protects you from poison.
   rN+:       It protects you from negative energy.
 I - a +2 helmet of see invisible (worn)
 S - the +4 dragonskin cloak (worn) {Aegis}
   (You took it off Tiamat on level 3 of the Realm of Zot)

   Avatar's Aegis: It grants the wearer a chance to resist fire, cold, poison,
   electricity, acid, and negative energy.
Jewellery
 i - the amulet of Faes (around neck) {rF+ Regen+}
   (You found it on level 5 of the Realm of Zot)

   [amulet of regeneration]

   rF+:       It protects you from fire.
   Regen+:    It increases your rate of health regeneration.
 r - a +5 ring of evasion (right hand)
 Z - a +4 ring of protection (left hand)
Wands
 u - a wand of paralysis (31)
 w - a wand of iceblast (30)
 J - a wand of quicksilver (11)
 O - a wand of mindburst (37)
 P - a wand of digging (5)
Scrolls
 h - 27 scrolls of teleportation
 l - 10 scrolls of immolation
 q - 2 scrolls of silence
 t - 6 scrolls of butterflies
 y - 8 scrolls of blinking
 z - 11 scrolls of vulnerability
 K - 7 scrolls of fog
 Q - 4 scrolls of fear
 T - 2 scrolls of revelation
 V - 6 scrolls of poison
 W - 5 scrolls of noise
Potions
 f - 5 potions of enlightenment
 g - 3 potions of magic
 j - 12 potions of might
 n - 19 potions of curing
 o - 10 potions of ambrosia
 s - 2 potions of attraction
 v - 3 potions of invisibility
 x - 15 potions of heal wounds
 A - 11 potions of brilliance
 C - a potion of experience
 E - 8 potions of haste
 M - 9 potions of mutation
 R - 3 potions of resistance
Miscellaneous
 m - a phial of floods
 F - a tin of tremorstones (2/2)
 G - a phantom mirror (inert)
 N - a lightning rod (4/4)
 U - a sack of spiders (inert)


   Skills:
 - Level 18.0 Fighting
 - Level 3.5 Long Blades
 - Level 16.0 Maces & Flails
 - Level 21.0 Armour
 - Level 10.9 Dodging
 - Level 4.0 Stealth
 - Level 20.0 Shields
 - Level 7.0 Spellcasting
 - Level 2.7 Conjurations
 - Level 16.0 Necromancy
 - Level 12.0 Translocations
 + Level 22.0 Invocations
 - Level 13.0 Evocations


You had 24 spell levels left.
You knew the following spells:

 Your Spells              Type           Power      Damage    Failure   Level
a - Fugue of the Fallen   Necr           54%        N/A       1%          3
b - Death Channel         Necr           27%        N/A       43%         6
d - Manifold Assault      Tloc           44%        N/A       16%         4
e - Blink                 Tloc           88%        N/A       2%          2

Your spell library contained the following spells:

 Spells                   Type           Power      Damage    Failure   Level
 Apportation              Tloc           88%        N/A       1%          1
 Necrotise                Necr           100%       1d9       1%          1
 Sublimation of Blood     Necr           54%        N/A       1%          2
 Vampiric Draining        Necr           54%        2d9       1%          3
 Lesser Beckoning         Tloc           88%        N/A       2%          2
 Animate Dead             Necr           54%        N/A       3%          4
 Dispel Undead            Necr           54%        3d20      3%          4
 Kiss of Death            Conj/Necr      100%       2d13      4%          1
 Gell's Gravitas          Tloc           44%        N/A       4%          3
 Teleport Other           Tloc           44%        N/A       4%          3
 Curse of Agony           Necr           54%        N/A       9%          5
 Momentum Strike          Conj/Tloc      58%        3d9       17%         2
 Cigotuvi's Dreadful Rot  Necr/Alch/Air  44%        N/A       36%         2
 Volatile Blastmotes      Fire/Tloc      48%        2d14      50%         3
 Magic Dart               Conj           56%        1d5       58%         1
 Anguish                  Hex/Necr       15%        N/A       63%         4
 Martyr's Knell           Necr/Summ      31%        N/A       63%         4
 Iskenderun's Mystic Bla  Conj/Tloc      29%        2d7       73%         4
 Shock                    Conj/Air       40%        1d5       78%         1
 Sting                    Conj/Alch      40%        1d5       78%         1
 Dimensional Bullseye     Hex/Tloc       12%        N/A       88%         4
 Freeze                   Ice            20%        1d4       92%         1
 Summon Small Mammal      Summ           20%        N/A       92%         1
 Borgnjor's Vile Clutch   Necr/Erth      15%        N/A       93%         5
 Dispersal                Tloc           22%        N/A       94%         6
 Call Imp                 Summ           10%        N/A       98%         2
 Ensorcelled Hibernation  Hex/Ice        10%        N/A       98%         2
 Mercury Vapours          Alch/Air       10%        N/A       98%         2
 Scorch                   Fire           10%        2d5       98%         2
 Hailstorm                Conj/Ice       10%        3d6       98%         3
 Mephitic Cloud           Conj/Alch/Air  8%         N/A       99%         3
 Frozen Ramparts          Ice            10%        1d2       100%        3
 Inner Flame              Hex/Fire       5%         N/A       100%        3
 Ozocubu's Armour         Ice            5%         N/A       100%        3
 Passwall                 Erth           5%         N/A       100%        3
 Sigil of Binding         Hex            5%         N/A       100%        3
 Summon Ice Beast         Ice/Summ       5%         N/A       100%        3
 Swiftness                Air            5%         N/A       100%        3
 Tukima's Dance           Hex            5%         N/A       100%        3
 Airstrike                Air            2%         2d(1-17)  100%        4
 Brom's Barrelling Bould  Conj/Erth      10%        2d3       100%        4
 Cause Fear               Hex            2%         N/A       100%        4
 Flame Wave               Conj/Fire      10%        2d6       100%        4
 Ignite Poison            Fire/Alch      5%         N/A       100%        4
 Leda's Liquefaction      Alch/Erth      2%         N/A       100%        4
 Olgreb's Toxic Radiance  Alch           5%         N/A       100%        4
 Petrify                  Alch/Erth      5%         N/A       100%        4
 Sticky Flame             Fire/Alch      5%         2d4       100%        4
 Summon Lightning Spire   Summ/Air       5%         N/A       100%        4
 Alistair's Intoxication  Alch           3%         N/A       100%        5
 Fireball                 Conj/Fire      5%         3d5       100%        5
 Freezing Cloud           Conj/Ice/Air   4%         6-21      100%        5
 Irradiate                Conj/Alch      5%         3d13      100%        5
 Iskenderun's Battlesphe  Conj           14%        2d7       100%        5
 Metabolic Englaciation   Hex/Ice        2%         N/A       100%        5
 Summon Mana Viper        Hex/Summ       5%         N/A       100%        5
 Bombard                  Conj/Erth      5%         9d2       100%        6
 Conjure Ball Lightning   Conj/Air       5%         3x3d6     100%        6
 Eringya's Noxious Bog    Alch           2%         4d6       100%        6
 Sculpt Simulacrum        Ice/Alch       2%         N/A       100%        6
 Summon Cactus Giant      Summ           2%         N/A       100%        6
 Enfeeble                 Hex            2%         N/A       100%        7
 Haunt                    Necr/Summ      15%        N/A       100%        7
 Monstrous Menagerie      Summ           2%         N/A       100%        7
 Orb of Destruction       Conj           7%         9d6       100%        7
 Ozocubu's Refrigeration  Ice            2%         4d8       100%        7
 Summon Hydra             Summ           2%         N/A       100%        7
 Discord                  Hex            2%         N/A       100%        8
 Disjunction              Tloc           22%        N/A       100%        8
 Ignition                 Fire           2%         3d3       100%        8
 Infestation              Necr           27%        N/A       100%        8
 Summon Horrible Things   Summ           2%         N/A       100%        8
 Polar Vortex             Ice            2%         N/A       100%        9


Dungeon Overview and Level Annotations

Branches:
Dungeon (15/15)            Temple (0/1) D:6            Lair (5/5) D:11
 Shoals (4/4) Lair:3       Spider (4/4) Lair:2        Slime (0/5) Lair:5
    Orc (2/2) D:11            Elf (3/3) Orc:2        Vaults (5/5) D:13
  Crypt (0/3) Vaults:2     Depths (4/4) D:15            Zot (5/5) Depths:4
 Bailey (visited)           IceCv (visited)

Altars:
Ashenzari
Cheibriados
Elyvilon
Fedhas
Hepliaklqana
Makhleb
Qazlal
Ru
Sif Muna
Uskayaw
Vehumet
Wu Jian
Xom
Zin
The Shining One
Beogh
Jiyva

Shops:
Orc:2 *?*(   Elf:3 :=:   Vaults:2 =   Vaults:3 [   Vaults:4 (   Depths:2 (?!!?

Portals:
Hell: Depths:1 Depths:2 Depths:3 Depths:4
Abyss: Depths:3
Pandemonium: Depths:2
Ziggurat: Depths:2

Annotations:
D:13 2 runed translucent doors, cjoo's ghost, journeyman MDEE
Lair:4 1 runed translucent door, Ahar's ghost, journeyman HONe
Shoals:1 2 runed translucent doors, jestert79's ghost, adept GnSu
Spider:2 1 exclusion
Depths:1 3 runed translucent doors, Cein's ghost, veteran DgCj


Innate Abilities, Weirdness & Mutations

Armour fits poorly on your strangely shaped body.
You have extremely tough skin. (AC +3)
You have a long armoured tail.
You regenerate magic and health when rolling toward enemies. (Rampage Regen)
You sometimes lose your temper in combat.
You are frail. (-10% HP)
Your health recovers twice as slowly from being drained.


Message History

Where to? (Tab/Enter - D:1 @ (x,y), ? - help)
A Hell Sentinel comes into view.
The Hell Sentinel roars!
The Hell Sentinel gestures at you.
The sphere of damnation explodes!
The damnation engulfs you!!! The Hell Sentinel gestures at you.
The sphere of damnation explodes!
The damnation engulfs you!!!
There is a stone staircase leading up here.
You climb upwards.
There is a stone staircase leading down here.
(D) Dungeon (T) Temple (L) Lair (A) Shoals (N) Spider Nest (M) Slime Pits (O) Orcish Mines (E) Elven Halls (V) Vaults (C) Crypt (U) Depths (H) Hell (Z) Zot
Where to? (Tab/Enter - D:1 @ (x,y), ? - help)
There is an ornate altar of the Wu Jian Council here.
There is a stone staircase leading up here.
You climb upwards.
There is a stone staircase leading down here.
There is a staircase leading out of the dungeon here.
You start removing your armour.
You continue removing your +2 cloak of willpower.
Keep disrobing?
You continue removing your +2 cloak of willpower.
The shadow demon gestures.
You continue removing your +2 cloak of willpower. x2
You finish removing your +2 cloak of willpower.
You feel less strong-willed.
You roll towards the shadow demon!
You lunge at the shadow demon, in a flurry of attacks.
You impale the shadow demon!! You bludgeon the shadow demon!!
Your tail-slap misses the shadow demon.
You impale the shadow demon!!
You kill the shadow demon!
The Council accepts your kill.
You start putting on your armour.
You continue putting on the +4 dragonskin cloak {Aegis}. x4
You finish putting on the +4 dragonskin cloak {Aegis}.
You feel oddly protected from the elements.
There is a staircase leading out of the dungeon here.
You have escaped!

######.....# #.# #######
###...####.####### ......#
#................# #####.#
#.##########...#.#
##.###.#..##..##....#.##
####...#>....##..##.......#
.........#.##..##..##.....#
.###...#...##..##..##.....# .#
##.###.#..##.@##....#.##
.####.###....##..##....#.########
..........###..##..##..#.........
#####.#######..##..##.##.########
......# #..##..##...##.# #######
#..##..##...##.# ######.#######.#
#)# #.# #.# #.# #


There were no monsters in sight!

Vanquished Creatures
  Tiamat (Zot:3)
  Frederick (Vaults:2)
  2 dread liches
  4 orbs of fire (Zot:5)
  5 ancient liches
  Mara (Depths:3)
  Mennas (Vaults:2)
  3 royal mummies (Depths:1)
  Boris (twice) (Depths:3 Vaults:5)
  6 Killer Klowns (Zot:5)
  2 curse toes
  4 caustic shrikes (Depths:4)
  10 golden dragons
  A Brimstone Fiend (Depths:2)
  Arachne (Spider:3)
  3 electric golems
  Jorgrun (Spider:1)
  17 tentacled monstrosities
  2 liches
  Asterion (Spider:3)
  25 Orb Guardians
  A walking frostbound tome (Depths:4)
  10 sphinxes
  2 deep elf master archers (Elf:3)
  9 titans
  3 deep elf blademasters
  6 quicksilver dragons
  7 death cobs
  Aizul (Spider:3)
  6 shadow dragons
  9 tengu reavers
  Kirke (D:15)
  10 storm dragons
  A draconian monk (Zot:2)
  7 fire giants
  Donald (Orc:2)
  23 vault wardens
  6 draconian knights
  9 deep elf sorcerers
  2 frost giants
  Louise (D:15)
  8 ghost moths
  4 draconian shifters
  3 emperor scorpions (Spider:4)
  9 draconian scorchers
  The ghost of Umuuc the Bludgeoner, a journeyman DsGl of Hepliaklqana (D:15)
  2 orc warlords (Vaults:1)
  4 balrugs
  A deep elf elementalist (Elf:3)
  An angel (Depths:3)
  A reaper (IceCv)
  6 spriggan defenders (Depths:3)
  3 draconian annihilators
  26 very ugly things
  21 ironbound preservers
  5 ironbound thunderhulks
  3 formless jellyfish
  10 stone giants
  A broodmother (Spider:4)
  7 vampire knights
  10 black draconians
  5 deep elf death magi
  7 deep elf demonologists
  12 green draconians
  9 deep elf annihilators
  A war gargoyle (Vaults:5)
  19 dire elephants
  5 red draconians
  15 spark wasps
  7 purple draconians
  2 minotaurs (Shoals:4)
  7 white draconians
  11 yellow draconians
  A blizzard demon (Depths:2)
  Snorg (D:10)
  2 merfolk javelineers
  5 jiangshi
  9 deep elf high priests
  5 fire dragons
  3 ettins
  2 mummy priests (Depths:1)
  A merfolk impaler (Shoals:2)
  A crystal guardian (Vaults:4)
  4 spriggan zombies (Depths:3)
  7 entropy weavers
  7 great orbs of eyes
  12 yaktaur captains
  Erolcha (Orc:2)
  A rakshasa (Depths:1)
  35 vault guards
  The ghost of jamsaran the Toxicologist, a journeyman DgAl (Lair:2)
  An ogre mage (Orc:2)
  8 ice dragons
  A peacekeeper (Vaults:4)
  7 hydras
  9 ironbound frosthearts
  5 merfolk avatars
  A radroach (Spider:3)
  Erica (D:8)
  A jorogumo (Spider:2)
  11 boulder beetles
  11 centaur warriors
  4 catoblepae
  37 dancing weapons
  A sphinx skeleton (Vaults:3)
  5 deep troll shamans
  A merfolk aquamancer (Shoals:4)
  9 death yaks (Lair:5)
  3 tengu warriors (D:15)
  9 two-headed ogres
  5 deep troll earth magi
  7 vampire magi
  8 satyrs (Shoals:4)
  An orc high priest (D:15)
  6 demonic crawlers
  2 occultists
  8 spriggan berserkers
  Urug (D:12)
  A soul eater (D:13)
  3 skysharks
  2 sun demons (Depths:1)
  17 hell knights
  3 iron trolls
  Nergalle (Orc:1)
  17 deep elf knights
  A spark wasp zombie (Depths:3)
  5 pharaoh ants
  56 deep trolls
  8 skeletal warriors
  9 sea snakes
  A shadow demon (D:1)
  A glowing orange brain (Depths:4)
  2 sun moths
  6 arcanists
  A deep troll (shapeshifter) (Depths:3)
  6 phantasmal warriors
  Pikel (D:5)
  6 flayed ghosts (Depths:3)
  8 orb spiders
  5 necromancers
  17 harpies
  13 deep elf archers
  An obsidian statue (D:14)
  3 lindwurms
  A wolf spider zombie (D:15)
  21 deep elf pyromancers
  7 steelbarb worms
  15 ironbound convokers
  2 obsidian bats
  An orc sorcerer (Orc:2)
  28 ugly things
  27 deep elf zephyrmancers
  11 thermic dynamos
  13 fauns
  14 cyclopes
  A glowing shapeshifter (Vaults:5)
  12 orc knights
  7 black mambas
  2 meliai (shapeshifter)
  4 merfolk sirens
  8 elephants
  26 moths of wrath
  20 wolf spiders
  8 meliai
  14 manticores
  8 centaur zombies
  6 water nymphs
  3 gargoyles
  5 kobold blastminers (Orc:2)
  A rust devil (Depths:3)
  2 ice statues (IceCv)
  16 vault sentinels
  4 torpor snails
  18 cane toads
  A cane toad (shapeshifter) (D:13)
  5 rime drakes
  The ghost of Esekla the Covert, a novice OpDe of Gozag (D:6)
  An unseen horror (D:12)
  2 freezing wraiths
  A spectral unseen horror (D:6)
  36 yaktaurs
  6 komodo dragons
  6 ice devils
  Psyche (D:9)
  4 tengu conjurers
  4 anaconda simulacra (IceCv)
  4 trolls
  3 efreet
  A redback zombie (D:15)
  4 polar bears
  24 merfolk
  An unseen horror skeleton (D:6)
  Grinder (D:3)
  A merfolk (shapeshifter) (Depths:3)
  42 tarantellas
  13 wind drakes
  9 hornets
  10 snapping turtles
  2 glass eyes (Depths:3)
  11 dream sheep
  5 blink frogs (Lair:1)
  A human simulacrum (Vaults:3)
  A stone giant simulacrum (Vaults:3)
  55 jumping spiders
  16 slime creatures
  An air elemental (Elf:1)
  4 shadows
  3 centaur simulacra
  6 vampires
  A yak (shapeshifter) (D:15)
  24 culicivoras
  48 yaks
  2 spriggans (Depths:3)
  8 water elementals
  7 fire elementals
  4 wraiths
  Eustachio (D:4)
  2 dire elephant simulacra (IceCv)
  3 wargs
  A hog (D:14)
  10 basilisks
  9 wyverns
  17 humans (D:13)
  6 vampire mosquitoes
  A swamp worm (shapeshifter) (Vaults:5)
  A neqoxec (Zot:2)
  62 redbacks
  A glowing shapeshifter zombie (Vaults:3)
  A harpy simulacrum (IceCv)
  Edmund (D:4)
  11 water moccasins
  3 hydra simulacra (IceCv)
  2 acid dragons
  A swamp drake (D:11)
  47 orc warriors
  2 ice beasts
  A hell hound (Lair:5)
  A sky beast (D:6)
  13 ogres
  3 black bears (Lair:5)
  22 wolves
  27 centaurs
  A lemure (D:4)
  A phantom (D:5)
  4 kobold brigands
  7 bullfrogs
  2 gnoll sergeants
  An earth elemental (Elf:3)
  2 two-headed ogre simulacra (IceCv)
  2 scorpions
  10 killer bees
  3 howler monkeys
  4 electric eels
  A vampire bat (Orc:1)
  3 bombardier beetles
  A spectral centaur (D:6)
  6 jellies
  3 hounds
  A gnoll bouda (D:9)
  8 orc priests
  4 iguanas
  21 orc wizards
  Ijyb (D:3)
  8 hell rats (Lair:5)
  A wolf simulacrum (IceCv)
  A spriggan simulacrum (IceCv)
  Robin (D:3)
  A howler monkey zombie (D:6)
  23 gnolls
  3 adders
  A shadow imp (D:5)
  4 white imps
  2 ufetubi (D:5)
  A dart slug (D:2)
  A ribbon worm (D:2)
  81 orcs
  6 ball pythons
  11 bats
  2 endoplasms
  10 giant cockroaches
  20 goblins
  11 hobgoblins
  5 jackals
  32 kobolds
  4 quokkas
  6 frilled lizards
  9 rats
  A spectral weapon (Elf:2)
2154 creatures vanquished.

Vanquished Creatures (collateral kills)
  A dread lich (Zot:5)
  Boris (Zot:1)
  A curse toe (Zot:3)
  A caustic shrike (Depths:4)
  2 golden dragons
  4 tentacled monstrosities
  Zenata (Elf:2)
  An Orb Guardian (Zot:5)
  A death cob (Zot:1)
  A storm dragon (Depths:4)
  A tengu reaver (Vaults:5)
  A shadow dragon (Depths:4)
  A fire giant (Vaults:5)
  A ghost moth (Zot:1)
  An ironbound preserver (Vaults:5)
  2 frost giants (Depths:4)
  A deep elf demonologist (Vaults:5)
  2 very ugly things
  A black draconian (Zot:5)
  A vampire knight (Depths:4)
  A red draconian (Zot:1)
  A war gargoyle (Vaults:5)
  A white draconian (Zot:2)
  A deep elf high priest (Vaults:5)
  2 vault guards (Vaults:5)
  A spriggan air mage (Depths:4)
  A deep troll earth mage (Vaults:5)
  A glowing orange brain (shapeshifter) (Vaults:5)
  A glowing orange brain (Depths:4)
  2 flayed ghosts
  A deep elf archer (Elf:2)
  An ironbound convoker (Vaults:5)
  2 moths of wrath (Zot:1)
  A komodo dragon (shapeshifter) (Elf:2)
43 creatures vanquished.

Vanquished Creatures (others)
  An Orb Guardian (Zot:5)
  A shadow dragon (Zot:5)
  A ghost moth (Zot:4)
  A demonspawn blood saint (Zot:4)
  A dancing weapon (Elf:2)
  2 deep elf knights (Elf:2)
  3 deep elf zephyrmancers
  A deep elf pyromancer (Elf:1)
  A yaktaur (Vaults:3)
  2 humans (D:15)
  An orc wizard (Orc:1)
  2 orcs (D:11)
  A spectral weapon (Spider:3)
18 creatures vanquished.

Grand Total: 2215 creatures vanquished

Notes
Turn   | Place    | Note
-------+----------+-------------------------------------------
     0 | D:1      | ragingrage the Armataur Reaver began the quest for the Orb.
     0 | D:1      | Reached XP level 1. HP: 17/17 MP: 3/3
    83 | D:1      | Reached skill level 1 in Stealth
    91 | D:1      | Reached XP level 2. HP: 23/24 MP: 4/4
   651 | D:1      | Reached XP level 3. HP: 21/29 MP: 5/5
   660 | D:1      | Reached skill level 1 in Necromancy
  1357 | D:2      | Learned a level 2 spell: Momentum Strike
  1439 | D:2      | Reached XP level 4. HP: 36/36 MP: 3/6
  1685 | D:2      | Found an ornate altar of the Wu Jian Council.
  1691 | D:2      | Became a worshipper of the Wu Jian Council
  2293 | D:3      | Found a hide-covered altar of Uskayaw.
  2321 | D:3      | Noticed an ice beast
  2324 | D:3      | Reached skill level 1 in Maces & Flails
  2332 | D:3      | Killed an ice beast
  2333 | D:3      | Reached XP level 5. HP: 12/38 MP: 1/7
  2556 | D:3      | Noticed Robin
  2567 | D:3      | Killed Robin
  2646 | D:3      | Reached * piety under Wu Jian
  2712 | D:3      | Noticed Ijyb
  2779 | D:3      | Paralysed by Ijyb for 5 turns
  2798 | D:3      | Killed Ijyb
  2915 | D:3      | Noticed Grinder
  2936 | D:4      | Reached XP level 6. HP: 48/48 MP: 8/8
  2937 | D:4      | Noticed Edmund
  3122 | D:4      | Found a radiant altar of Vehumet.
  3400 | D:4      | Reached skill level 5 in Maces & Flails
  3429 | D:4      | Gained mutation: You regenerate magic and health when
                  | rolling toward enemies. (Rampage Regen) [Armataur growth]
  3429 | D:4      | Reached XP level 7. HP: 25/53 MP: 9/9
  3600 | D:4      | Noticed Eustachio
  3616 | D:4      | Identified a scroll of acquirement
  3616 | D:4      | Acquired the +1 pair of gloves of the Lute {rElec rPois
                  | rC+++ Dex-2}
  3626 | D:4      | Killed Edmund
  3632 | D:4      | Killed Eustachio
  3644 | D:5      | Entered Level 5 of the Dungeon
  3681 | D:5      | Reached XP level 8. HP: 60/60 MP: 10/10
  3691 | D:5      | Found a blossoming altar of Fedhas.
  3852 | D:5      | Reached ** piety under Wu Jian
  4178 | D:5      | Noticed Pikel
  4885 | D:5      | Killed Pikel
  4968 | D:5      | Found a hazy altar of Hepliaklqana.
  5053 | D:6      | Reached XP level 9. HP: 69/69 MP: 11/11
  5054 | D:6      | Found a white marble altar of Elyvilon.
  5114 | D:6      | Found a runed translucent gate.
  5114 | D:6      | Found a runed translucent gate.
  5116 | D:6      | Found a runed translucent gate.
  5117 | D:6      | Noticed Esekla's ghost (novice OpDe)
  5117 | D:6      | Noticed a spectral unseen horror
  5132 | D:6      | Reached skill level 10 in Maces & Flails
  5214 | D:6      | Identified the +3 ring mail of Rocaz {Dex+5}
  5282 | D:6      | Found a staircase to the Ecumenical Temple.
  5987 | D:7      | Found a shimmering altar of Xom.
  6047 | D:7      | Reached *** piety under Wu Jian
  6608 | D:7      | Found a sacrificial altar of Ru.
  6821 | D:8      | Noticed Erica
  7058 | D:8      | Noticed a two-headed ogre
  7160 | D:8      | Found a broken altar of Ashenzari.
  7164 | D:8      | Saw a vision of the Shoals and the Spider Nest.
  7164 | D:8      | Noticed a wolf spider
  7164 | D:8      | Noticed a boulder beetle
  7164 | D:8      | Noticed a demonic crawler
  7164 | D:8      | Noticed a skyshark
  7164 | D:8      | Noticed a sea snake
  7164 | D:8      | Noticed a harpy
  7164 | D:8      | Noticed a sea snake
  7164 | D:8      | Noticed a water nymph
  7165 | D:8      | Noticed a demonic crawler
  7165 | D:8      | Noticed a manticore
  7165 | D:8      | Noticed a demonic crawler
  7166 | D:8      | Noticed a moth of wrath
  7166 | D:8      | Noticed a cyclops
  7166 | D:8      | Noticed a steelbarb worm
  7167 | D:8      | Noticed an entropy weaver
  7180 | D:8      | Found a flagged portal.
  7188 | Bailey   | Entered a bailey
  7240 | Bailey   | Noticed an orc knight
  7386 | Bailey   | Reached XP level 10. HP: 77/77 MP: 12/12
  7429 | Bailey   | Killed an orc knight
  7748 | Bailey   | Reached **** piety under Wu Jian
  7991 | D:8      | Killed Erica
  8324 | D:8      | Killed a two-headed ogre
  8325 | D:8      | Reached skill level 5 in Fighting
  8448 | D:8      | Found a glowing golden altar of the Shining One.
  8455 | D:8      | Found a stormy altar of Qazlal.
  8458 | D:8      | Found a glowing silver altar of Zin.
  8698 | D:9      | Noticed a two-headed ogre
  8702 | D:9      | Killed a two-headed ogre
  9350 | D:9      | Noticed Psyche
  9360 | D:9      | Killed Psyche
  9361 | D:9      | Reached skill level 5 in Armour
  9639 | D:9      | Found a snail-covered altar of Cheibriados.
  9639 | D:9      | Found a burning altar of Makhleb.
  9660 | D:10     | Entered Level 10 of the Dungeon
  9662 | D:10     | Identified the serpent talisman "Reifesam" {rElec rN+
                  | Dex-2}
  9689 | D:10     | Reached XP level 11. HP: 86/86 MP: 13/13
  9820 | D:10     | Noticed a two-headed ogre
  9827 | D:10     | Killed a two-headed ogre
 10006 | D:10     | Noticed an eight-headed hydra
 10017 | D:10     | Killed an eight-headed hydra
 10110 | D:10     | Noticed Snorg
 10404 | D:11     | Noticed a cyan ugly thing
 10417 | D:11     | Killed a cyan ugly thing
 10427 | D:11     | Reached ***** piety under Wu Jian
 10568 | D:11     | Reached skill level 15 in Maces & Flails
 11043 | D:11     | Found a staircase to the Lair.
 11152 | D:11     | Reached XP level 12. HP: 94/94 MP: 14/14
 11164 | D:11     | Found a staircase to the Orcish Mines.
 11379 | D:12     | Noticed Urug
 11392 | D:12     | Killed Urug
 11637 | D:12     | Noticed a centaur warrior
 11637 | D:12     | Noticed a two-headed ogre
 11654 | D:12     | Killed a two-headed ogre
 11666 | D:12     | Killed a centaur warrior
 11685 | D:12     | Noticed a two-headed ogre
 11690 | D:12     | Killed a two-headed ogre
 11698 | D:12     | Reached skill level 10 in Armour
 11874 | D:12     | Noticed a boulder beetle
 11907 | D:12     | Killed a boulder beetle
 12309 | D:13     | Noticed a centaur warrior
 12309 | D:13     | Noticed a centaur warrior
 12309 | D:13     | Noticed a boulder beetle
 12309 | D:13     | Noticed a great orb of eyes
 12309 | D:13     | Noticed a five-headed hydra
 12325 | D:12     | Killed a boulder beetle
 12326 | D:12     | Reached skill level 1 in Evocations
 12452 | D:12     | Killed a five-headed hydra
 12567 | D:13     | Noticed a centaur warrior
 12578 | D:12     | Killed a centaur warrior
 12684 | D:12     | Killed a centaur warrior
 12731 | D:12     | Killed a great orb of eyes
 12739 | D:12     | Killed a centaur warrior
 12846 | D:13     | Noticed a centaur warrior
 12853 | D:13     | Killed a centaur warrior
 12861 | D:13     | Identified the ring "Ibiusysy" {rN+ Int+6}
 12899 | D:13     | Identified the +8 broad axe of Koral {drain, rF+ rC+ Dex+2}
 12999 | D:13     | Found a runed translucent door.
 13000 | D:13     | Noticed a boulder beetle
 13000 | D:13     | Noticed a storm dragon
 13000 | D:13     | Noticed a lich
 13002 | D:13     | Found a runed translucent door.
 13003 | D:13     | Noticed cjoo's ghost (journeyman MDEE)
 13003 | D:13     | Noticed a two-headed ogre
 13006 | D:13     | a wolf changed into a boulder beetle
 13006 | D:13     | Noticed a boulder beetle (glowing shapeshifter)
 13006 | D:13     | Noticed a boulder beetle
 13013 | D:13     | Killed a two-headed ogre
 13013 | D:13     | a boulder beetle changed into a shining eye
 13045 | D:13     | Killed a boulder beetle
 13046 | D:13     | Reached XP level 13. HP: 45/104 MP: 15/15
 13093 | D:13     | Reached skill level 5 in Evocations
 13254 | Lair:1   | Entered Level 1 of the Lair of Beasts
 14501 | Lair:2   | Identified the +3 robe of Darkness {Harm *Corrode rF+++
                  | Will-}
 14621 | Lair:2   | Found a frozen archway.
 14657 | Lair:2   | Learned a level 3 spell: Fugue of the Fallen
 14662 | Lair:2   | Learned a level 4 spell: Manifold Assault
 14663 | IceCv    | Entered an ice cave
 14731 | IceCv    | Reached ****** piety under Wu Jian
 14821 | IceCv    | Acquired the +10 Black Knight's barding {ponderous, rPois
                  | rN+}
 14821 | IceCv    | Found the +10 Black Knight's barding {ponderous, rPois rN+}
 14989 | IceCv    | Reached skill level 10 in Fighting
 15097 | IceCv    | Noticed a reaper
 15101 | IceCv    | Killed a reaper
 15380 | Lair:2   | Found a hole to the Spider Nest.
 15504 | Lair:2   | Reached skill level 5 in Necromancy
 15616 | Lair:2   | Found a runed translucent door.
 15617 | Lair:2   | Found a shimmering altar of Xom.
 15617 | Lair:2   | Noticed jamsaran's ghost (journeyman DgAl)
 16256 | Lair:3   | Reached skill level 1 in Translocations
 16500 | Lair:3   | Reached XP level 14. HP: 113/121 MP: 12/16
 17082 | Lair:4   | Identified the +5 chain mail "Lacsof" {rElec rF+ Dex+3}
 17219 | Lair:4   | Found a runed translucent door.
 17219 | Lair:4   | Noticed Ahar's ghost (journeyman HONe)
 17799 | Lair:5   | Entered Level 5 of the Lair of Beasts
 18160 | Lair:5   | Found a staircase to the Slime Pits.
 18949 | Lair:5   | Found a viscous altar of Jiyva.
 19078 | Lair:5   | Reached skill level 5 in Translocations
 19252 | Lair:5   | Identified the ring "Jiuneg" {Fire Str+3}
 19777 | D:13     | Identified the amulet of Youthful Indiscretion {Acrobat
                  | rElec rC++}
 19857 | D:13     | Learned a level 2 spell: Blink
 19946 | D:13     | Reached XP level 15. HP: 118/130 MP: 12/17
 20376 | D:13     | Identified the +2 chain mail of Eprepes {rElec Regen+ Str-4
                  | Int+2}
 20594 | Orc:1    | Entered Level 1 of the Orcish Mines
 20696 | Orc:1    | Noticed Nergalle
 20710 | Orc:1    | Killed Nergalle
 21055 | Orc:2    | Entered Level 2 of the Orcish Mines
 21112 | Orc:2    | Found a staircase to the Elven Halls.
 21164 | Orc:2    | Found a roughly hewn altar of Beogh.
 21219 | Orc:2    | Noticed Donald
 21357 | Orc:2    | Killed Donald
 21685 | Orc:2    | Noticed Erolcha
 21715 | Orc:2    | Reached skill level 1 in Shields
 21730 | Orc:2    | Killed Erolcha
 21865 | Orc:2    | Found Tomas's Assorted Antiques.
 21865 | Orc:2    | Found Mohebb's Magic Scroll Emporium.
 21867 | Orc:2    | Found Wuaffan's General Store.
 21869 | Orc:2    | Found Namuc's Antique Weapon Boutique.
 21873 | Orc:2    | Bought a thin soapstone amulet for 150 gold pieces
 21875 | Orc:2    | Bought a scroll of butterflies for 40 gold pieces
 21877 | Orc:2    | Bought a phial of floods for 560 gold pieces
 22173 | D:14     | Found a transporter.
 22173 | D:14     | Found the +10 tower shield of Ignorance {rN+ Int-4}
 22343 | D:14     | Found a white marble altar of Elyvilon.
 22845 | D:14     | Found a transporter.
 22935 | D:15     | Entered Level 15 of the Dungeon
 23025 | D:15     | Found a runed translucent gate.
 23025 | D:15     | Noticed Umuuc's ghost (journeyman DsGl)
 23026 | D:15     | Found a runed translucent gate.
 23492 | D:15     | Found a runed translucent gate.
 23493 | D:15     | Identified the +0 plate armour of the Tormentor {^Contam
                  | Harm rElec rCorr}
 23495 | D:15     | Identified the ring "Camegg" {Ice rCorr}
 23578 | D:15     | Noticed Louise
 23612 | D:15     | Killed Louise
 23859 | D:15     | Noticed Kirke
 23973 | D:14     | Reached XP level 16. HP: 138/140 MP: 18/18
 23984 | D:14     | Reached skill level 5 in Shields
 23994 | D:14     | Identified the ring of Cyqi {Ice rN+ Int+3}
 24375 | D:3      | Killed Grinder
 24484 | D:6      | Killed Esekla's ghost
 25022 | D:10     | Killed Snorg
 25916 | Lair:2   | Killed jamsaran's ghost
 26245 | Spider:1 | Entered Level 1 of the Spider Nest
 26307 | Spider:1 | Noticed Jorgrun
 26448 | Spider:1 | Killed Jorgrun
 26979 | Spider:1 | You fall into a shaft and drop 1 floor!
 28627 | Spider:2 | Reached skill level 10 in Translocations
 28934 | Spider:3 | Reached skill level 10 in Shields
 29323 | Spider:3 | Noticed Asterion
 29341 | Spider:3 | Killed Asterion
 29653 | Spider:3 | Noticed Arachne
 29678 | Spider:3 | Killed Arachne
 29741 | Spider:3 | Reached XP level 17. HP: 149/149 MP: 19/19
 29830 | Spider:3 | Identified the serpent talisman of the Modern Tales {Int+2
                  | Dex+3}
 29830 | Spider:3 | Noticed Aizul
 29856 | Spider:3 | Killed Aizul
 30049 | Spider:3 | Identified the +3 leather armour "Falab" {Harm}
 30458 | Spider:4 | Entered Level 4 of the Spider Nest
 31980 | Spider:4 | Got a gossamer rune of Zot
 32234 | Shoals:1 | Entered Level 1 of the Shoals
 32543 | Shoals:1 | Found a large runed translucent door.
 32543 | Shoals:1 | Found a large runed translucent door.
 32545 | Shoals:1 | Noticed jestert79's ghost (adept GnSu)
 33389 | Shoals:2 | Reached XP level 18. HP: 150/157 MP: 20/20
 33394 | Shoals:2 | Reached skill level 15 in Armour
 33473 | Shoals:2 | Reached skill level 15 in Shields
 34247 | Shoals:4 | Entered Level 4 of the Shoals
 34711 | Shoals:4 | Identified the ring "Eskumub" {Ice Dex+2}
 34778 | Shoals:4 | Found the +1 eveningstar "Brilliance" {foul flame, Umbra}
 34849 | Shoals:4 | Got Mnoleg's Incunable of Creation
 34852 | Shoals:4 | Got a barnacled rune of Zot
 35343 | Elf:1    | Entered Level 1 of the Elven Halls
 35579 | Elf:1    | Paralysed by an air elemental for 1 turns
 36322 | Elf:2    | Noticed Zenata
 36339 | Elf:2    | Killed Zenata
 36384 | Elf:2    | Reached XP level 19. HP: 152/163 MP: 13/24
 36453 | Elf:2    | Found the +8 mithril axe "Arga" {speed, Will+}
 36561 | Elf:2    | Reached skill level 5 in Spellcasting
 36611 | Elf:2    | Found a huge runed translucent gate.
 36611 | Elf:2    | Found a huge runed translucent gate.
 36621 | Elf:2    | Found a huge runed translucent gate.
 36623 | Elf:2    | Found a huge runed translucent gate.
 36623 | Elf:2    | Found a huge runed translucent gate.
 37642 | Elf:3    | Entered Level 3 of the Elven Halls
 38722 | Elf:3    | Found Doxucs's Book Boutique.
 38722 | Elf:3    | Found Imey's Jewellery Emporium.
 38724 | Elf:3    | Found Guborhat's Book Boutique.
 38742 | Elf:3    | Bought a manual of Dodging for 1600 gold pieces
 38879 | Elf:3    | Identified the +2 robe of the Rose {-Tele rPois Dex+6}
 38901 | Elf:3    | Identified the +3 short sword "Plog" {spect, *Corrode Str+3
                  | Int+2 Dex+4}
 38927 | Elf:3    | Reached XP level 20. HP: 176/176 MP: 27/27
 38929 | Elf:3    | Identified the +0 pair of boots "Zuiroxyl" {*Slow rPois rC+
                  | rN+++}
 39524 | D:15     | Killed Kirke
 39622 | D:15     | Found a staircase to the Depths.
 39764 | D:15     | Found a roughly hewn altar of Beogh.
 39798 | D:15     | Killed Umuuc's ghost
 39997 | Depths:1 | Entered Level 1 of the Depths
 40027 | Depths:1 | Reached skill level 5 in Dodging
 40176 | D:13     | Found a gate to the Vaults.
 40277 | Vaults:1 | Entered Level 1 of the Vaults
 40305 | Vaults:1 | Reached skill level 10 in Evocations
 40763 | Vaults:1 | Reached skill level 15 in Fighting
 42768 | Vaults:2 | Noticed Mennas
 42794 | Vaults:2 | Killed Mennas
 42855 | Vaults:2 | Found Etiycy's Jewellery Boutique.
 43220 | Vaults:2 | Identified the orb "Duowugg" {*channel, Int+7 Stlth-}
 43220 | Vaults:2 | Noticed Frederick
 43236 | Vaults:2 | Killed Frederick
 43604 | Vaults:2 | Reached XP level 21. HP: 187/187 MP: 7/28
 43749 | Vaults:2 | Found a staircase to the Crypt.
 44140 | Vaults:3 | Found Rush's Antique Armour Shop.
 44159 | Vaults:3 | Bought a scorched chain mail for 351 gold pieces
 44159 | Vaults:3 | Identified the +3 chain mail of Decompression {Dex+6} (You
                  | bought it in a shop on level 3 of the Vaults)
 44159 | Vaults:3 | Bought a pair of glowing gloves for 277 gold pieces
 44247 | Vaults:3 | Reached skill level 10 in Necromancy
 44418 | Vaults:3 | Identified the +2 mace of Darkness {holy, Will+ Int+3}
 44900 | Vaults:3 | Reached skill level 10 in Dodging
 45840 | Vaults:4 | Identified the ring of Duan {^Contam rPois rF- MP+9 Int+9}
 45930 | Vaults:4 | Learned a level 6 spell: Death Channel
 45959 | Vaults:4 | Found Gahasean's Weapon Shop.
 47038 | Depths:1 | Found a runed translucent gate.
 47039 | Depths:1 | Found a runed translucent gate.
 47039 | Depths:1 | Found a runed translucent gate.
 47041 | Depths:1 | Noticed Cein's ghost (veteran DgCj)
 47399 | Depths:1 | Found a gateway to Hell.
 47541 | Depths:1 | Noticed a royal mummy
 47566 | Depths:1 | Killed a royal mummy
 47567 | Depths:1 | Reached XP level 22. HP: 31/195 MP: 4/29
 48171 | Depths:1 | Found a shimmering blue altar of Sif Muna.
 48473 | Depths:1 | Noticed a royal mummy
 48485 | Depths:1 | Noticed a royal mummy
 48490 | Depths:1 | Killed a royal mummy
 48937 | Depths:1 | Killed a royal mummy
 49126 | Depths:1 | Found the +7 sceptre of Torment {pain, torment}
 49236 | Depths:2 | Found Pebeson's Magic Scroll Boutique.
 49238 | Depths:2 | Found Biv Soem's Distillery.
 49238 | Depths:2 | Found Jotraoco's Distillery.
 49244 | Depths:2 | Bought 3 scrolls of fog for 180 gold pieces
 49244 | Depths:2 | Bought a scroll of teleportation for 45 gold pieces
 49244 | Depths:2 | Bought a scroll of teleportation for 45 gold pieces
 49244 | Depths:2 | Bought a scroll of immolation for 60 gold pieces
 49244 | Depths:2 | Bought a scroll of immolation for 60 gold pieces
 49244 | Depths:2 | Found Xaamodgh's Magic Scroll Shop.
 49247 | Depths:2 | Bought a potion of invisibility for 104 gold pieces
 49247 | Depths:2 | Bought a potion of heal wounds for 65 gold pieces
 49250 | Depths:2 | Bought a scroll of butterflies for 76 gold pieces
 49260 | Depths:2 | Bought a potion of heal wounds for 110 gold pieces
 49260 | Depths:2 | Bought a potion of heal wounds for 110 gold pieces
 49525 | Depths:2 | Found a burning altar of Makhleb.
 50096 | Depths:2 | Found Cuivudes's Antique Weapon Emporium.
 50562 | Depths:2 | Found a one-way gateway to a ziggurat.
 51067 | Depths:2 | Found a one-way gate leading to the halls of Pandemonium.
 51412 | Depths:3 | Found a one-way gate to the infinite horrors of the Abyss.
 51594 | Depths:3 | Identified the +4 robe of Limited Liability {*Corrode rPois
                  | rF+++ Archmagi}
 51594 | Depths:3 | Noticed Boris
 51612 | Depths:3 | Killed Boris
 51639 | Depths:3 | Identified the ring "Mitwu" {Fire Int+6}
 52685 | Depths:3 | Noticed Mara
 52697 | Depths:3 | Noticed ragingrage's illusion
 52702 | Depths:3 | Killed Mara
 52890 | Depths:3 | Noticed a dread lich
 52905 | Depths:3 | Killed a dread lich
 54084 | Vaults:5 | Entered Level 5 of the Vaults
 54097 | Vaults:5 | Reached XP level 23. HP: 192/202 MP: 26/30
 54106 | Vaults:5 | Identified the +3 robe of Spring Thaw {Will+ Regen+ Str+2
                  | Stlth-}
 54106 | Vaults:5 | Noticed Boris
 54118 | Vaults:5 | Killed Boris
 54201 | Vaults:5 | Reached skill level 15 in Necromancy
 54202 | Vaults:5 | Identified the +0 leather armour of Rimoma {rC+ MP+9}
 54352 | Vaults:5 | Identified the +1 buckler "Kyroex" {rF++ Will- Dex+4}
 54444 | Vaults:5 | Noticed an ancient lich
 54445 | Vaults:5 | Noticed a dread lich
 54457 | Vaults:5 | Killed an ancient lich
 54464 | Vaults:5 | Killed a dread lich
 54500 | Vaults:5 | Found the +1 robe of Vines {NoPotionHeal Regen++++}
 54548 | Vaults:5 | Identified the +3 trident "Spider's Demise" {flame, rPois
                  | rC+}
 54636 | Vaults:5 | Identified the amulet "Reumist" {Reflect rElec rC- Int+3
                  | SH+5}
 54648 | Vaults:5 | Identified the staff "Hydraslayer" {rPois Earth}
 54681 | Vaults:5 | Identified the maw talisman of a volcano {rElec}
 54794 | Vaults:5 | Got a silver rune of Zot
 55034 | Vaults:5 | Noticed an ancient lich
 55478 | Vaults:5 | Identified the ring "Leicro" {rElec MP+9}
 55743 | Vaults:5 | Identified the staff of a Billion Ears {^Contam rPois rF+++
                  | rC+ Stlth+ Conj Alchemy}
 56012 | Vaults:5 | Killed an ancient lich
 56792 | Depths:3 | Reached XP level 24. HP: 142/212 MP: 13/33
 57504 | Depths:4 | Entered Level 4 of the Depths
 57538 | Depths:4 | Found a gate to the Realm of Zot.
 57639 | Depths:4 | Reached skill level 1 in Invocations
 57640 | Depths:4 | Reached skill level 2 in Invocations
 57766 | Depths:4 | Found a blossoming altar of Fedhas.
 57841 | Depths:4 | Reached skill level 3 in Invocations
 57844 | Depths:4 | Reached skill level 4 in Invocations
 57847 | Depths:4 | Reached skill level 5 in Invocations
 57850 | Depths:4 | Reached skill level 6 in Invocations
 57852 | Depths:4 | Reached skill level 7 in Invocations
 58263 | Zot:1    | Entered Level 1 of the Realm of Zot
 58278 | Zot:1    | Reached skill level 8 in Invocations
 58302 | Zot:1    | Reached skill level 9 in Invocations
 58309 | Zot:1    | Reached skill level 10 in Invocations
 58338 | Zot:1    | Reached skill level 11 in Invocations
 58404 | Zot:1    | Reached skill level 12 in Invocations
 58807 | Zot:1    | Reached skill level 13 in Invocations
 59695 | Zot:2    | Reached skill level 14 in Invocations
 60430 | Zot:3    | Reached skill level 15 in Invocations
 60618 | Zot:3    | You fall into a shaft and drop 1 floor!
 60782 | Zot:3    | Identified the +4 robe of Hepliaklqana, Dancing {+Blink
                  | Stlth+}
 60830 | Zot:3    | Acquired 1171 gold pieces
 60831 | Zot:3    | Acquired the +17 crystal plate armour "Xoetiyxt" {rElec
                  | SInv}
 60941 | Zot:3    | Reached XP level 25. HP: 122/224 MP: 34/34
 61137 | Zot:3    | Found the +4 dragonskin cloak {Aegis}
 61137 | Zot:3    | Noticed Tiamat
 61153 | Zot:3    | Killed Tiamat
 61155 | Zot:3    | Reached skill level 16 in Invocations
 62361 | Zot:4    | Reached skill level 17 in Invocations
 64121 | Zot:5    | Entered Level 5 of the Realm of Zot
 64749 | Zot:5    | Reached skill level 18 in Invocations
 64790 | Zot:5    | Noticed a Killer Klown
 64813 | Zot:5    | Killed a Killer Klown
 64926 | Zot:5    | Noticed a Killer Klown
 64961 | Zot:5    | Killed a Killer Klown
 65514 | Zot:5    | Identified the amulet of Faes {rF+ Regen+}
 65650 | Zot:5    | Noticed a Killer Klown
 65698 | Zot:5    | Killed a Killer Klown
 65699 | Zot:5    | Reached skill level 19 in Invocations
 66402 | Zot:5    | Noticed a Killer Klown
 66419 | Zot:5    | Killed a Killer Klown
 66453 | Zot:5    | Noticed an orb of fire
 66464 | Zot:5    | Noticed a Killer Klown
 66475 | Zot:5    | Killed a Killer Klown
 66487 | Zot:5    | Noticed an orb of fire
 66502 | Zot:5    | Noticed a dread lich
 66540 | Zot:5    | Killed a dread lich
 66612 | Zot:5    | Killed an orb of fire
 66667 | Zot:5    | Noticed a Killer Klown
 66704 | Zot:5    | Killed a Killer Klown
 66705 | Zot:5    | Reached skill level 20 in Invocations
 66895 | Zot:5    | Noticed an ancient lich
 66906 | Zot:5    | Killed an ancient lich
 66923 | Zot:5    | Killed an orb of fire
 66939 | Zot:5    | Reached XP level 26. HP: 232/232 MP: 24/37
 66952 | Zot:5    | Noticed an ancient lich
 66960 | Zot:5    | Noticed an orb of fire
 66970 | Zot:5    | Gained mutation: You are frail. (-10% HP) [an orb of fire]
 66973 | Zot:5    | Noticed an ancient lich
 66976 | Zot:5    | Killed an orb of fire
 66977 | Zot:5    | Reached skill level 21 in Invocations
 66980 | Zot:5    | Killed an ancient lich
 66982 | Zot:5    | Killed an ancient lich
 67017 | Zot:5    | Noticed an orb of fire
 67020 | Zot:5    | Gained mutation: Your health recovers twice as slowly from
                  | being drained. [an orb of fire]
 67031 | Zot:5    | Gained mutation: You sometimes lose your temper in combat.
                  | [an orb of fire]
 67035 | Zot:5    | Killed an orb of fire
 67225 | Zot:5    | Got the Orb of Zot
 67372 | Zot:1    | Identified the +2 robe of Negligence {-Tele rElec rCorr
                  | Int+2}
 67372 | Zot:1    | Noticed Boris
 67380 | Zot:1    | Killed Boris
 67540 | Depths:3 | Noticed Regrit the pandemonium lord
 67826 | D:6      | Reached skill level 22 in Invocations
 67947 | D:$      | Escaped with the Orb!

Illustrated notes

Levels and vault maps discovered:
D:1:      lightli_iron_boxes, layout_loops_ring
D:2:      layout_basic, basic_altar
D:3:      layout_rooms, nicolae_uskayaw_suspiria, uniq_ijyb, uniq_robin,
          uniq_grinder
D:4:      layout_loops_ring, mainiacjoe_overflow_concentric_impassable,
          minmay_ruptured, uniq_edmund, uniq_eustachio
D:5:      layout_basic, mainiacjoe_overflow_catwalk, kennysheep_mini, uniq_pikel
D:6:      layout_loops_cross, mainiacjoe_overflow_cross_hatched, temple_doors_e,
          gammafunk_ghost_necromancy, nicolae_benzene_ring
D:7:      layout_loops_ring, lemuel_crystal_altar, kennysheep_mini_moat,
          grunt_decor_clamped
D:8:      layout_basic, grunt_ashenzari_visionary
          [grunt_ashenzari_visionary_shoals, grunt_ashenzari_visionary_spider],
          minmay_overflow_temple_star_quad, enter_bailey_1, grunt_ministairs_15,
          uniq_erica
D:9:      layout_basic, gammafunk_temple_overflow_wave, uniq_psyche
D:10:     layout_loops_ring, eino_curves_04, minmay_diamond_spiral, uniq_snorg
D:11:     kennysheep_blocky_room, layout_basic, erik_orc_1
D:12:     layout_roguey, lemuel_flame_loot_1, uniq_urug
D:13:     minmay_ambush_box, layout_cave_pools, grunt_vaults_entry_tiered,
          muffindrake_ghost_dual_entry
D:14:     gammafunk_sealed_arena, layout_irregular_city, elyvilon_altar_3
D:15:     hangedman_depths_entry_civil_slaughter, layout_gridville,
          biasface_ghost_orc_armoury, serial_undead, serial_undead_f,
          serial_undead_b, serial_undead_e, serial_undead_b, serial_undead_e,
          serial_undead_b, serial_undead_f, hex_medium, uniq_kirke, uniq_louise
Lair:1:   wad_woods_structure_01, layout_cave_pods, columned_hall_lemuel,
          infiniplex_staircase_pool
Lair:2:   layout_regular_city, hellmonk_spider_entry_not_the_bees,
          ebering_ghost_xom, portal_ice_cave_demonic_guard, minivault_19,
          grunt_megastairs_2, infiniplex_staircase_pool_2, lemuel_fruit_fields,
          lemuel_fruit_tree
Lair:3:   layout_regular_city, nicolae_shoals_entry_flooding, minmay_holes,
          grunt_megastairs_1
Lair:4:   layout_big_grid, gammafunk_ghost_grave, st_stairs_13,
          bobbens_ice_dragon_lair, grunt_megastairs_4
Lair:5:   grunt_lair_end_beastmaster, layout_gridlike,
          nicolae_slime_entry_field_trip, special_room
          [special_room_mythical_zoo], pdpol_lair_cavern_descent,
          serial_bayou_shore_a
Shoals:1: layout_shoals, ebering_ghost_disaster_area,
          nicolae_shoals_nautilus_by_nature
Shoals:2: layout_shoals, nicolae_shoals_cliffside_cave
Shoals:3: nzn_motion_control, layout_shoals
Shoals:4: shoals_end_hellmonk_lost_city
Spider:1: layout_spider_delve, drop_trap, uniq_jorgrun
Spider:2: layout_cave_pods, nicolae_spider_orb_run
Spider:3: layout_cave_pods, uniq_arachne, uniq_aizul, uniq_asterion
Spider:4: spider_rune_water
Orc:1:    layout_caves, roderic_batcave, uniq_nergalle
Orc:2:    st_orc_rangers, layout_caves, mines2_david, uniq_erolcha, uniq_donald
Elf:1:    minmay_elf_arrival_plus, layout_loops_cross,
          regret_index_elf_centigrade, lemuel_upstairs_altar
Elf:2:    elven_hall_of_blades_hangedman_alternative
          [nicolae_blade_entry_pointy_end], layout_geoelf_octagon, uniq_zenata
Elf:3:    minmay_elf_hall_x, layout_rooms, drop_trap, minmay_shop_grove
Vaults:1: nicolae_vaults_turnstiles, grunt_vaults_swirl, vaults_room_door_ring,
          nicolae_vaults_alarming, nicolae_vaults_off_center_swirl,
          nicolae_vaults_sesquioval_fish, vaults_room_hallway,
          layout_vaults_quadrants
Vaults:2: minmay_crypt_entry_vampire_xt, vaults_room_hallway,
          nicolae_vaults_border_crossing, hangedman_vaults_variations,
          nicolae_vaults_trapezoid_1, v_rooms_5, v_alt_pattern_2,
          vaults_mumra_hex, vaults_standard_mumra_x, ontoclasm_vaults_pinch,
          layout_vaults_big_cross, serial_shops, shop, uniq_mennas,
          uniq_frederick
Vaults:3: nicolae_vaults_more_shelving_2, v_alt_pattern_3,
          nicolae_vaults_tetromino_L_2, nicolae_vaults_storage_room_water,
          nicolae_vaults_trapezoid_layered, nicolae_vaults_diamond_2,
          nicolae_vaults_weapon_check, nicolae_vaults_house_2,
          ontoclasm_vaults_misaligned, v_pattern_1, v_misc_15, vaults_room_grid,
          nicolae_vaults_storage_closets_1, layout_vaults_maze, serial_shops,
          shop
Vaults:4: hangedman_vaults_stretched_pinwheel, nicolae_vaults_surprise_closet,
          nicolae_vaults_stepped_doors, v_misc_9,
          nicolae_vaults_windows_and_doors_thing, v_pattern_4,
          nicolae_vaults_tetromino_Z_2, hangedman_vaults_nails,
          vaults_room_grid, nicolae_vaults_diamond_1, layout_vaults_big_room,
          serial_shops, nicolae_shop_bloodbath_and_beyond
Vaults:5
Depths:1: minmay_guarded_unrand_sceptre_of_torment, layout_gridlike,
          gammafunk_ghost_tricky_traps, grunt_metal_band,
          hangedman_decor_peaks_small, led_sif_pool
Depths:2: evilmike_makhleb_hellhole, layout_basic, enter_ziggurat_d, pan_entry,
          hell_entry, serial_shops, nicolae_shop_getting_attention,
          minmay_shoptagon, infiniplex_staircase_door_maze, grunt_megastairs_3
Depths:3: bobbens_index_wilting_gardens, layout_gridlike,
          regret_index_abyss_entry_already_here, hell_entry, uniq_mara,
          uniq_boris
Depths:4: grunt_x_marks_the_spot, layout_cross, hell_entry, lemuel_doored_altar
Zot:1:    layout_misc_corridors, regret_index_zotdec_carving_tricks
Zot:2:    layout_twisted_circle, nicolae_zig_zag_zippers
Zot:3:    layout_concentric_octagons, st_stairs_9, uniq_tiamat
Zot:4:    layout_gridlike, grunt_megastairs_5,
          regret_index_zotdec_twisting_globes
Zot:5:    layout_twisted_circle, grunt_ministairs_9

Skill      XL: |  1  2  3  4  5  6  7  8  9 10 11 12 13 14 15 16 17 18 19 20 21 22 23 24 25 26 |
---------------+-------------------------------------------------------------------------------+-----
Stealth        | 1 2 4 |  4.0
Long Blades    | 3 |  3.5
Necromancy     | 1 6 7 8 9 11 14 15 16 | 16.0
Maces & Flails | 2 3 5 7 9 12 13 15 16 | 16.0
Fighting       | 3 5 6 10 11 12 13 14 15 16 18 | 18.0
Armour         | 5 8 11 12 14 16 17 18 20 21 | 21.0
Evocations     | 4 5 7 8 9 11 13 | 13.0
Translocations | 1 5 8 10 12 | 12.0
Shields        | 4 10 14 18 19 20 | 20.0
Spellcasting   | 3 5 7 |  7.0
Dodging        | 4 8 10 | 10.9
Invocations    | 15 20 22 | 22.0
Conjurations   | |  2.7

Action                     |  1- 3 |  4- 6 |  7- 9 | 10-12 | 13-15 | 16-18 | 19-21 | 22-24 | 25-27 || total
---------------------------+-------+-------+-------+-------+-------+-------+-------+-------+-------++-------
  Melee: Falchion          |   165 |    16 |       |       |       |       |       |       |       ||   181
         Tailslap          |    13 |    12 |    43 |   135 |   355 |   429 |   424 |   358 |   215 ||  1984
         Eveningstar       |       |   128 |   350 |   679 |  1811 |  2427 |  2186 |  1774 |   948 || 10303
         Dagger            |       |     1 |       |       |       |       |       |       |       ||     1
         Unarmed           |       |       |       |       |       |       |     7 |       |       ||     7
  Throw: Dart              |       |     2 |     2 |     3 |     1 |    25 |       |       |       ||    33
         Boomerang         |       |       |   118 |    18 |    15 |       |       |       |       ||   151
         Throwing net      |       |       |       |       |       |       |       |     1 |       ||     1
   Cast: Momentum Strike   |     1 |     2 |       |       |       |       |       |       |       ||     3
         Kiss of Death     |       |     3 |       |       |       |       |       |       |       ||     3
         Fugue of the Fall |       |       |       |       |    13 |    12 |    30 |    33 |    14 ||   102
         Blink             |       |       |       |       |     1 |       |     5 |     1 |     1 ||     8
         Manifold Assault  |       |       |       |       |       |     2 |    98 |   113 |     9 ||   222
         Death Channel     |       |       |       |       |       |       |       |    19 |     8 ||    27
 Invoke: Heavenly Storm    |       |       |       |       |       |     2 |     3 |     3 |     1 ||     9
         Serpent's Lash    |       |       |       |       |       |       |     1 |       |       ||     1
Ability: Lunge             |       |    12 |    23 |    46 |    90 |   146 |   109 |    97 |    46 ||   569
         Whirlwind         |       |     3 |    13 |    21 |    46 |   464 |   309 |   298 |   149 ||  1303
  Evoke: Wand              |       |       |     2 |     2 |       |     4 |     3 |     2 |     7 ||    20
         Lightning rod     |       |       |       |       |     4 |       |     6 |       |       ||    10
         Tin of tremorston |       |       |       |       |     2 |     3 |     3 |     3 |       ||    11
         Phial of floods   |       |       |       |       |     1 |     2 |     1 |       |       ||     4
         Phantom mirror    |       |       |       |       |       |     2 |     1 |       |     1 ||     4
         Sack of spiders   |       |       |       |       |       |       |       |     3 |     1 ||     4
    Use: Scroll            |       |     7 |     4 |     5 |    14 |    11 |     4 |    13 |     4 ||    62
         Potion            |       |     2 |       |     1 |     2 |     3 |     2 |     4 |     5 ||    19
   Stab: Sleeping          |     3 |     5 |     1 |     2 |     3 |       |       |       |       ||    14
         Paralysed         |       |       |     4 |     8 |       |       |       |       |       ||    12
         Distracted        |       |       |       |     3 |       |     2 |       |     4 |     7 ||    16
         Petrified         |       |       |       |       |     4 |       |       |       |       ||     4
         Held in net/web   |       |       |       |       |       |     1 |       |     2 |       ||     3
         Confused          |       |       |       |       |       |       |       |     1 |     1 ||     2
 Armour: Leather armour    |   132 |    82 |       |       |       |       |       |       |       ||   214
         Ring mail         |       |    16 |   276 |   290 |       |       |       |       |       ||   582
         Scale mail        |       |       |       |   224 |   334 |       |       |       |       ||   558
         Chain mail        |       |       |       |       |  1267 |  2324 |  1500 |   981 |       ||  6072
         Skin              |       |       |       |       |       |       |     5 |       |       ||     5
         Crystal plate arm |       |       |       |       |       |       |       |     3 |   830 ||   833
  Dodge: Dodged            |    57 |    60 |   170 |   310 |   899 |  1050 |   658 |   497 |   188 ||  3889
  Block: Kite shield       |       |       |       |       |   235 |  1467 |  1264 |  1152 |   535 ||  4653
         Reflection        |       |       |       |       |     8 |    36 |    49 |    22 |     1 ||   116

Table legend: (Time is in decaauts)
 A = Elapsed time spent in this place.
 B = Non-inter-level travel time spent in this place.
 C = Inter-level travel time spent in this place.
 D = Time resting spent in this place.
 E = Time spent auto-exploring this place.
 F = Levels seen in this place.
 G = Mean time per level.
                   A        B        C        D        E       F      G
               +--------+--------+--------+--------+--------+-----+--------+
         Total |  69392 |  62634 |   6758 |  11099 |  36832 |  49 | 1416.2 |
       Dungeon |  19806 |  17215 |   2591 |   2680 |  10628 |  15 | 1320.4 |
          Lair |   6507 |   5972 |    535 |    915 |   3727 |   5 | 1301.4 |
        Shoals |   3062 |   2842 |    220 |    402 |   1647 |   4 |  765.5 |
   Spider Nest |   5691 |   5446 |    245 |   1388 |   2419 |   4 | 1422.8 |
  Orcish Mines |   1633 |   1405 |    228 |     84 |    802 |   2 |  816.5 |
   Elven Halls |   4066 |   3874 |    192 |    530 |   2347 |   3 | 1355.3 |
        Vaults |   9558 |   8460 |   1098 |    874 |   5772 |   5 | 1911.6 |
        Depths |   9067 |   7974 |   1093 |   1999 |   4606 |   4 | 2266.8 |
           Zot |   8549 |   7997 |    552 |   2064 |   4237 |   5 | 1709.8 |
        Bailey |    792 |    792 |      0 |    108 |    232 |   1 |  792.0 |
      Ice Cave |    656 |    656 |      0 |     54 |    411 |   1 |  656.0 |
               +--------+--------+--------+--------+--------+-----+--------+

Top non-repeatable levels by time:
Depths:3: 3508 daAuts
   Zot:5: 3049 daAuts
Depths:1: 2480 daAuts
Vaults:1: 2420 daAuts
Vaults:5: 2245 daAuts
Depths:2: 2173 daAuts
    D:13: 2146 daAuts
Spider:3: 2114 daAuts
  Lair:2: 2019 daAuts
Vaults:2: 1798 daAuts
    D:12: 1793 daAuts
Spider:2: 1749 daAuts
    D:11: 1744 daAuts
  Lair:5: 1645 daAuts
   Zot:4: 1619 daAuts
